 Dungeon Crawl Stone Soup version 0.18.1-50-g88ac8fd (webtiles) character file.

6223 tognito the Cleaver (level 10, -1/141 HPs)
             Began as a Minotaur Berserker on Oct 8, 2016.
             Was a High Priest of Trog.
             Slain by Maud
             ... wielding a +3 demon trident of venom
              (10 damage)
             ... on level 10 of the Dungeon on Oct 9, 2016.
             The game lasted 00:31:30 (8830 turns).

tognito the Cleaver (Minotaur Berserker)            Turns: 8830, Time: 00:31:32

Health: -1/141     AC: 18    Str: 29    XL:     10   Next: 61%
Magic:  9/9        EV:  9    Int:  4    God:    Trog [*****.]
Gold:   493        SH:  4    Dex: 11    Spells: 0 memorised, 9 levels left

rFire  . . .     SeeInvis .     a - +4 war axe
rCold  + . .     Gourm    .     C - +1 plate armour {rC+}
rNeg   . . .     Faith    .     v - +0 buckler
rPois  +         Spirit   .     (helmet restricted)
rElec  .         Dismiss  .     F - +0 cloak (curse)
rCorr  .         Reflect  .     (no gloves)
SustAt .         Harm     .     l - +0 pair of boots
MR     .....                    A - amulet of magic regeneration
Stlth  ..........               t - ring of poison resistance
                                i - ring of stealth

@: berserking, lethally poisoned (-1 -> -22), slowed, not resistant to hostile
enchantments, extremely unstealthy
A: retaliatory headbutt, horns 2, mutation resistance 1
a: Berserk, Trog's Hand, Brothers in Arms, Burn Spellbooks, Renounce Religion


You were on level 10 of the Dungeon.
You worshipped Trog.
Trog was extremely pleased with you.
You were not hungry.

You visited 1 branch of the dungeon, and saw 10 of its levels.
You also visited: Sewer.

You collected 493 gold pieces.

Inventory:

Hand Weapons
 a - a +4 war axe (weapon)
 b - a +1 hand axe
Missiles
 y - 7 bolts
Armour
 j - a +0 cloak
 l - a +0 pair of boots (worn)
 v - a +0 buckler (worn)
 C - a +1 plate armour of cold resistance (worn)
 F - a cursed +0 cloak (worn)
Jewellery
 i - a ring of stealth (left hand)
 q - an uncursed ring of positive energy
 t - a ring of poison resistance (right hand)
 A - an amulet of magic regeneration (around neck)
Wands
 k - a wand of paralysis (19/24)
 m - a wand of lightning (9/15)
 B - a wand of disintegration (15/24)
Scrolls
 g - 4 scrolls of identify
 h - 2 scrolls of amnesia {unknown}
 p - 2 scrolls of magic mapping
 s - a scroll of enchant weapon
 u - a scroll of remove curse
 z - 2 scrolls of teleportation
 D - a scroll of noise {unknown}
 E - a scroll of recharging
Potions
 e - 4 potions of agility
 f - 11 potions of curing
 n - 4 potions of heal wounds
 r - a potion of flight
 w - 2 potions of cancellation
Comestibles
 c - 4 bread rations
 d - 3 meat rations
 o - 5 beef jerkies
 x - 3 slices of pizza
 G - a royal jelly
 H - a chunk of flesh


   Skills:
 * Level 10.5 Fighting
 * Level 12.3 Axes
 + Level 9.4 Armour
 + Level 5.4 Dodging
 - Level 2.2 Stealth
 + Level 1.6 Shields
 - Level 0.1 Evocations


You had 9 spell levels left.
You didn't know any spells.

Dungeon Overview and Level Annotations

Branches:
Dungeon (10/15)            Temple (0/1) D:7            Lair (0/8) D:9
    Orc: D:9-12

Altars:
Ashenzari
Cheibriados
Dithmenos
Pakellas
Ru
Sif Muna
Vehumet
Xom
Yredelemnul

Shops:
D:8 (

Annotations:
D:10 Maud


Innate Abilities, Weirdness & Mutations

You reflexively headbutt those who attack you in melee.
You have a pair of horns on your head.
You are somewhat resistant to further mutation.


Message History

You feel sick. The wasp stings you.
* * * LOW HITPOINT WARNING * * *
You feel yourself slow down.
A red film seems to cover your vision as you go berserk!
You feel yourself moving faster!
You feel mighty!
You feel somewhat more hungry.
You feel sick. The wasp stings you but does no damage.
Maud hits you from afar with a demon trident of venom.
* * * LOW HITPOINT WARNING * * *
The wasp barely misses you.
Maud hits you from afar with a demon trident of venom!
* * * LOW HITPOINT WARNING * * *
You are more poisoned.
You miss the wasp.
The wasp is moderately wounded.
* * * LOW HITPOINT WARNING * * *
You feel very sick. The wasp stings you but does no damage.
Maud hits you from afar with a demon trident of venom!
You die...

#..# #..# #..#
.# #..# #..# .#
#..# #..# .#
#..# #..# .#
#..# #..#
.###### ###..#
#..#####.......
.....#
#..............
.....#
#......@..#
.....#
#.#####y..#
.....#####.#
#@..#
...........#
#...#
...........#
#...#
...........#
#...#
...........#
#...#
...........#
#...#
...........#


You could see Maud and a wasp.

Vanquished Creatures
  The ghost of Philosophy the Cudgeler, a novice MiBe of Trog (D:6)
  A hill giant (D:7)
  A cyclops (D:9)
  The ghost of mvemjsun the Magician, a novice DEFE (D:5)
  2 trolls (D:9)
  Grinder (D:3)
  A wraith (D:10)
  4 yaks (D:9)
  A hippogriff (D:7)
  A hungry ghost (D:7)
  Menkaure (D:5)
  2 water moccasins
  2 orc warriors
  A phantom (D:9)
  2 sky beasts
  A black bear (D:10)
  3 centaurs
  2 ogres
  2 big kobolds (Sewer)
  2 giant frogs (D:6)
  A wyvern zombie (D:7)
  2 scorpions
  6 howler monkeys
  3 crimson imps
  A giant frog zombie (D:8)
  A centaur zombie (D:8)
  3 hounds
  2 orc priests (D:4)
  3 giant frog skeletons
  Ijyb (D:3)
  An iguana (D:9)
  7 orc wizards
  4 worker ants
  A hound zombie (D:8)
  A hound skeleton (D:4)
  A howler monkey zombie (D:6)
  2 worker ant zombies
  4 gnolls
  14 adders
  5 river rats (Sewer)
  2 shadow imps (D:5)
  4 oozes
  An adder skeleton (D:5)
  An adder zombie (D:9)
  2 worms
  2 dart slugs (D:1)
  7 giant geckos
  45 orcs
  5 giant cockroaches
  8 goblins
  7 hobgoblins
  4 jackals (D:1)
  8 quokkas
  8 ball pythons
  6 bats
  A giant gecko zombie (D:6)
  4 giant newts
  23 kobolds
  A quokka zombie (D:5)
  30 rats
  A plant (D:1)
265 creatures vanquished.

Notes
Turn   | Place    | Note
--------------------------------------------------------------
     0 | D:1      | tognito the Minotaur Berserker began the quest for the Orb.
     0 | D:1      | Reached XP level 1. HP: 19/19 MP: 0/0
   141 | D:1      | Reached XP level 2. HP: 27/27 MP: 1/1
   221 | D:1      | Reached skill level 4 in Axes
   407 | D:1      | Reached XP level 3. HP: 28/33 MP: 2/2
   451 | D:1      | Reached ** piety under Trog
  1268 | D:2      | Reached XP level 4. HP: 36/41 MP: 3/3
  1643 | D:2      | Reached *** piety under Trog
  2104 | D:3      | Noticed Grinder
  2145 | D:3      | Killed Grinder
  2145 | D:3      | Reached skill level 5 in Fighting
  2145 | D:3      | Reached skill level 5 in Axes
  2145 | D:3      | Reached XP level 5. HP: 48/48 MP: 4/4
  2145 | D:3      | Reached XP level 6. HP: 56/56 MP: 5/5
  2203 | D:3      | Found a glowing drain.
  2216 | Sewer    | Entered a sewer
  2375 | Sewer    | Reached **** piety under Trog
  2416 | Sewer    | Reached skill level 5 in Armour
  2506 | Sewer    | Reached XP level 7. HP: 62/62 MP: 6/6
  2749 | D:3      | Reached skill level 6 in Axes
  3015 | D:3      | Noticed Ijyb
  3030 | D:3      | Killed Ijyb
  3030 | D:3      | Reached skill level 1 in Stealth
  3385 | D:4      | Reached ***** piety under Trog
  3463 | D:4      | Gained mutation: You are somewhat resistant to further mutation. [potion of mutation]
  3844 | D:4      | Reached XP level 8. HP: 58/71 MP: 7/7
  4137 | D:5      | Entered Level 5 of the Dungeon
  4137 | D:5      | Noticed mvemjsun's ghost (novice DEFE)
  4148 | D:5      | Killed mvemjsun's ghost
  4148 | D:5      | Reached skill level 7 in Axes
  4390 | D:5      | Noticed Menkaure
  4398 | D:5      | Killed Menkaure
  5315 | D:6      | Reached skill level 8 in Axes
  5359 | D:6      | Reached skill level 5 in Dodging
  5393 | D:6      | Found a sacrificial altar of Ru.
  5693 | D:6      | Noticed Philosophy's ghost (novice MiBe)
  5717 | D:6      | Killed Philosophy's ghost
  5717 | D:6      | Reached skill level 9 in Axes
  5717 | D:6      | Reached XP level 9. HP: 47/81 MP: 8/8
  6330 | D:7      | Found a staircase to the Ecumenical Temple.
  6333 | D:7      | Noticed a hill giant
  6341 | D:7      | Killed a hill giant
  6341 | D:7      | Reached skill level 10 in Axes
  6821 | D:7      | Found a flagged portal.
  6932 | D:8      | Found Hirylotu's Antique Weapon Emporium.
  6972 | D:8      | Received a gift from Trog
  7343 | D:8      | Reached skill level 11 in Axes
  7350 | D:8      | Reached XP level 10. HP: 81/91 MP: 9/9
  7490 | D:8      | Found a shimmering altar of Xom.
  7614 | D:9      | Reached skill level 10 in Fighting
  7975 | D:9      | Reached skill level 1 in Shields
  8036 | D:9      | Found a shattered altar of Ashenzari.
  8043 | D:9      | Found a shimmering altar of Xom.
  8050 | D:9      | Found a deep blue altar of Sif Muna.
  8057 | D:9      | Found a basalt altar of Yredelemnul.
  8064 | D:9      | Found a shadowy altar of Dithmenos.
  8071 | D:9      | Found a radiant altar of Vehumet.
  8076 | D:9      | Found a snail-covered altar of Cheibriados.
  8098 | D:9      | Found a staircase to the Lair.
  8429 | D:9      | Found an oddly glowing altar of Pakellas.
  8555 | D:9      | Noticed a cyclops
  8565 | D:9      | Killed a cyclops
  8565 | D:9      | Reached skill level 12 in Axes
  8700 | D:10     | Entered Level 10 of the Dungeon
  8819 | D:10     | Noticed Maud
  8830 | D:10     | Slain by Maud

Skill      XL: |  1  2  3  4  5  6  7  8  9 10 |
---------------+-------------------------------+-----
Fighting       | 4 5 6 7 9 10 | 10.5
Axes           | 4 5 6 9 11 12 | 12.3
Dodging        | 4 5 |  5.4
Armour         | 4 5 6 7 8 9 |  9.4
Stealth        | 1 2 |  2.2
Shields        | 1 |  1.6
Evocations     | |  0.1

Action                   |  1- 3 |  4- 6 |  7- 9 | 10-12 || total
-------------------------+-------+-------+-------+-------++-------
Melee: Hand axe          |   130 |   154 |    18 |       ||   302
       Headbutt          |    22 |    25 |    69 |    23 ||   139
       War axe           |       |       |   303 |   118 ||   421
Invok: Burn Spellbooks   |       |       |     2 |       ||     2
       Berserk           |       |       |     1 |     1 ||     2
Evoke: Wand              |       |       |     3 |     2 ||     5
  Use: Potion            |     3 |     3 |     4 |       ||    10
       Scroll            |       |     7 |    10 |       ||    17
 Stab: Paralysed         |       |       |    12 |       ||    12
  Eat: Chunk             |     1 |     5 |    16 |     5 ||    27
       Royal jelly       |       |       |     1 |       ||     1
       Pizza             |       |       |     1 |       ||     1
Armor: Ring mail         |    33 |       |       |       ||    33
       Scale mail        |     3 |    11 |       |       ||    14
       Plate armour      |       |    72 |   199 |    63 ||   334
Dodge: Dodged            |    71 |    74 |   100 |    47 ||   292
Block: Buckler           |       |       |    16 |    27 ||    43
